Yev-Ruu, chaotic female vampiric Convict ------------ ##%#)#####%#(######################## ...........| #---------------------------------# |..........| #................))..)%..........|# |..........| #|.----....-----.----+--..-----..|# #-..........| |.|..|---.|...|.-..| |..| |..|# ###|...<......| |.|.. |.|._.|.|..| |..| |..|# # ------- ---- |.-|-- |.|.(.-.---|----.| |..|# ### |....| |.|...|....-...|.-+---..|# # |.{..- --.----|....| .|.)'@_@..|#### |..........| --%-.-----..-----.|# |....--+-. + |..|.....%..|.%%|.| |.--+- |.-- |..|+---....-.%%|.| |.| |.- |--| ----.-----.| |.| ----.| |..| |.......| |.| |....| |.. +.......| ..----....-----|---------..../{.| |........%...).).)).............| --------------------------------- Yev-Ruu the Jail-bird Experience level: 7 Strength: 17 Dexterity: 11 Constitution: 19 Intelligence: 10 Wisdom: 9 Charisma: 9 Health: 0(79) Energy: 47(47) AC: 4 Gold: 79 Moves: 832 Your Inventory: Coins $ - 79 gold pieces Armor b - a cursed +0 striped shirt i - an [uncursed] +0 dwarvish mithril-coat (being worn) Tools c - an uncursed blindfold f - an [uncursed] lock pick h - an [uncursed +0] pick-axe (alternate weapon; not wielded) Iron balls d - an [uncursed] heavy iron ball (chained to you) (weapon in hand) Spells known in the end: Name Level Category Fail Memory Your skills at the end: Fighting Skills Weapon Skills sling [Basic / Skilled] Spellcasting Skills Final Attributes: You had transgressed. Hunger level was 56. Your alignment was -23 / 14. Monster difficulty range was 1 - 6. Level difficulty was 6. You were immune to poison. You were immune to level-drain. You were immune to sickness. You were punished. You could fly. You could survive without air. You were held by a rope golem. You regenerated. Your luck was zero. Tymora was angry with you (1). You are dead. Vanquished creatures: a cobra 3 watchmen a dwarf lord a shrieker a gnome lord a gnomish wizard 2 straw golems 4 dwarves 2 rothes 2 orc zombies 16 gnomes a gnome zombie a jackal a grid bug a kobold zombie a newt 39 creatures vanquished. Voluntary challenges: You were an atheist. You pretended to be a nudist. You left the true Path of Zen. You went without food. You were illiterate. You never hit with a wielded weapon. You put on armor 1 time. You never genocided any monsters. You never polymorphed an object. You never changed form. You used no wishes. You abstained from Elbereth's help. You never encountered a bones level. You never used any Sokoban shortcuts. Dungeon overview: The Dungeons of Doom: levels 1 to 3 Level 1 a fountain a long staircase Level 3 stairs to The Gnomish Mines The Gnomish Mines: levels 4 to 6 Level 4 stairs to The Dungeons of Doom Level 6 <- You were here a delicatessen, a temple to Tymora, a magic chest, some fountains History has recorded: On T:1 you entered the Dungeons of Doom to retrieve the Amulet of Yendor! On T:15 you advanced to experience level 2. On T:68 you reached level 2 of The Dungeons of Doom. On T:237 you reached level 3 of The Dungeons of Doom. On T:240 you advanced to experience level 3. On T:280 you advanced to experience level 4. On T:308 you reached level 1 of The Gnomish Mines. On T:359 you advanced to experience level 5. On T:398 you reached level 2 of The Gnomish Mines. On T:433 you advanced to experience level 6. On T:479 you reached level 3 of The Gnomish Mines. On T:617 you advanced to experience level 7. Latest messages: The watch captain hits! [HP-22=7] [HP+1=8] [HP+1=9] [HP+1=10] [HP+1=11] [HP+1=12] [HP+1=13] [HP+1=14] [HP+1=15] [HP+1=16] The hobbit throws a dagger! The dagger hits the rope golem. [HP+1=17] You hit the rope golem. You miss the rope golem. The rope golem hits! (2x) [HP-7=10] You hit the rope golem! You miss the rope golem. The rope golem hits! (2x) The rope golem grabs you! You die... Final status: Goodbye Yev-Ruu the Convict... You died in The Gnomish Mines on dungeon level 6 with 2302 points, and 79 pieces of gold, after 832 moves. You were level 7 with a maximum of 79 hit points when you died.